 Dungeon Crawl Stone Soup version 0.31-a0-95-g6fa058ef04 (webtiles) character file.

Game seed: 429028205099952009

28 frimble the Grasshopper (level 3, -2/25 HPs)
             Began as an Octopode Warper on May 25, 2023.
             Frozen to death by an endoplasm (5 damage)
             ... on level 1 of the Dungeon.
             The game lasted 00:01:04 (701 turns).

frimble the Grasshopper (Octopode Warper)            Turns: 701, Time: 00:01:05

Health: -2/25      AC:  1    Str: 10    XL:     3   Next: 14%
Magic:  6/6        EV: 13    Int: 17    God:
Gold:   50         SH:  0    Dex: 11    Spells: 6/6 levels left

rFire   . . .        a - +0 short sword
rCold   . . .        (no shield)
rNeg    . . .        (helmet restricted)
rPois   .            (no amulet)
rElec   .            (no ring)
rCorr   .            (no ring)
SInv    .            (no ring)
Will    .....        (no ring)
Stlth   +++          (no ring)
HPRegen 0.24/turn    (no ring)
MPRegen 0.10/turn    (no ring)
                     (no ring)

%: no passive effects
@: lethally poisoned (-2 -> -7)
A: almost no armour, amphibious, 8 rings, camouflage 1, gelatinous body 1,
(nimble swimmer 1), tentacles
a: no special abilities


You were on level 1 of the Dungeon.
You visited 1 branch of the dungeon, and saw 2 of its levels.

You collected 50 gold pieces.

Inventory:

Hand Weapons
 a - a +0 short sword (weapon)
Missiles
 c - 7 boomerangs of dispersal (quivered)
Scrolls
 b - a scroll of blinking
 g - a scroll of identify
Potions
 f - a potion of invisibility
 h - a potion of berserk rage {unknown}


   Skills:
 + Level 2.4 Fighting
 + Level 2.4 Short Blades
 - Level 1.0 Throwing
 + Level 2.7 Dodging
 + Level 1.8 Stealth
 - Level 2.0 Spellcasting
 - Level 3.0 Translocations


You had 6 spell levels left.
You didn't know any spells.
Your spell library contained the following spells:

 Spells                   Type           Power      Damage    Failure   Level
 Blink                    Tloc           22%        N/A       9%          2
 Lesser Beckoning         Tloc           22%        N/A       9%          2
 Teleport Other           Tloc           11%        N/A       17%         3
 Vhi's Electric Charge    Tloc/Air       10%        N/A       34%         3
 Manifold Assault         Tloc           11%        N/A       50%         4


Dungeon Overview and Level Annotations

Branches:
Dungeon (2/15)

Altars:

Shops:
D:1 [


Innate Abilities, Weirdness & Mutations

You cannot wear most types of armour.
You are amphibious.
You can wear up to eight rings at the same time.
Your skin changes colour to match your surroundings (Stealth+).
Your rubbery body absorbs attacks. (AC +1, EV +1)
((You are camouflaged when in or above water. (Stealth+)))
You have tentacles for arms and can constrict up to eight enemies at once.


Message History

You hit the adder. Your grab misses the adder.
The adder is moderately wounded.
The adder barely misses you. The endoplasm freezes you.
You are frozen.
You are too injured to fight recklessly!
You are too injured to fight recklessly!
You are too injured to fight recklessly!
You are too injured to fight recklessly!
You are too injured to fight recklessly!
You are too injured to fight recklessly!
You are too injured to fight recklessly!
You are too injured to fight recklessly!
You are too injured to fight recklessly!
You are too injured to fight recklessly!
You barely miss the adder. Your grab misses the adder.
The adder is moderately wounded.
The adder bites you.
You are poisoned.
The adder poisons you! The endoplasm freezes you.
You are frozen.
You barely miss the adder. You grab the adder.
You squeeze the adder, but do no damage.
The adder is moderately wounded.
You constrict the adder.
You feel sick. The adder bites you but does no damage.
The endoplasm freezes you.
You are frozen.
You hit the endoplasm but do no damage. Your squeeze misses the endoplasm.
You constrict the adder.
You feel sick. The adder bites you.
* * * LOW HITPOINT WARNING * * *
You hit the endoplasm but do no damage. You squeeze the endoplasm.
The endoplasm is lightly wounded.
You constrict the adder.
You feel sick. The adder bites you.
* * * LOW HITPOINT WARNING * * *
You are lethally poisoned!
The adder poisons you! The endoplasm freezes you.
You are frozen.
You die...

#.)...≈..##.....^..
#..>..≈.###........
####..### ###...###
#..## #....... #.##
####..#....
##.#####.........#
#.................
#####..#.###.####.
#@J...##.# #.# #.
#S#####..###.# #.
#b......###..# #.
########....## ##
##....#########
#..............
#...###########
#...# #####


You could see an adder, an endoplasm and a bat.

Vanquished Creatures
  2 dart slugs (D:1)
  2 ball pythons (D:1)
  3 endoplasms (D:1)
  2 giant cockroaches (D:1)
  2 goblins (D:1)
  4 kobolds (D:1)
  2 quokkas (D:1)
  A bat (D:1)
  2 frilled lizards (D:1)
  A rat (D:1)
21 creatures vanquished.

Notes
Turn   | Place    | Note
-------+----------+-------------------------------------------
     0 | D:1      | frimble the Octopode Warper began the quest for the Orb.
     0 | D:1      | Reached XP level 1. HP: 14/14 MP: 3/3
   110 | D:1      | Reached XP level 2. HP: 19/19 MP: 5/5
   112 | D:1      | Reached skill level 1 in Stealth
   168 | D:1      | Found Vurghaf's Antique Armour Shoppe.
   454 | D:1      | Reached XP level 3. HP: 25/25 MP: 6/6
   701 | D:1      | Frozen to death by an endoplasm

Illustrated notes

Levels and vault maps discovered:
D:1:      heliophobic_arrival_ceremonial_halls, layout_rooms, serial_shops,
          shop, chequers_serial_rivers_micro_e, chequers_serial_rivers_micro_e
D:2:      layout_rooms, uniq_terence, uniq_crazy_yiuf_cottage

Skill      XL: |  1  2 |
---------------+-------+-----
Stealth        | 1 |  1.8
Fighting       | |  2.4
Short Blades   | |  2.4
Throwing       | |  1.0
Dodging        | |  2.7
Spellcasting   | |  2.0
Translocations | |  3.0

Action                     || total
---------------------------++-------
  Melee: Short sword       ||    56
         Constrict         ||    13
         Tentacles         ||    13
    Use: Scroll            ||     3
   Stab: Sleeping          ||     3
 Armour: Skin              ||     3
  Dodge: Dodged            ||    32

Table legend: (Time is in decaauts)
 A = Elapsed time spent in this place.
 B = Non-inter-level travel time spent in this place.
 C = Inter-level travel time spent in this place.
 D = Time resting spent in this place.
 E = Time spent auto-exploring this place.
 F = Levels seen in this place.
 G = Mean time per level.
                   A        B        C        D        E       F      G
               +--------+--------+--------+--------+--------+-----+--------+
         Total |    696 |    682 |     14 |      0 |    515 |   2 |  348.0 |
       Dungeon |    696 |    682 |     14 |      0 |    515 |   2 |  348.0 |
               +--------+--------+--------+--------+--------+-----+--------+

Top non-repeatable levels by time:
     D:1: 689 daAuts
     D:2: 6 daAuts
